 Dungeon Crawl Stone Soup version 0.17-a0-1708-gbd78d88 (console) character file.

1191 Monkaria the Covert (level 8, -18/34 HPs)
             Began as a Felid Berserker on Aug 21, 2015.
             Was an Elder of Trog.
             Demolished by a purple ugly thing (20 damage)
             ... on level 7 of the Dungeon.
             The game lasted 00:11:03 (7534 turns).

Monkaria the Covert (Felid Berserker)               Turns: 7534, Time: 00:11:04

Health: -18/34     AC:  2    Str: 15    XL:     8   Next: 20%
Magic:  9/9        EV: 20    Int:  9    God:    Trog [****..]
Gold:   136        SH:  0    Dex: 20    Spells: 0 memorised, 7 levels left
                                        Lives:  0   Deaths: 2

rFire  . . .     SeeInvis +       - Unarmed
rCold  . . .     Clarity  .     (armour unavailable)
rNeg   . . .     SustAt   .     (shield unavailable)
rPois  .         Gourm    .     (helmet unavailable)
rElec  .         Spirit   .     (cloak unavailable)
rCorr  .         Warding  .     (gloves unavailable)
rMut   .         Stasis   .     (boots unavailable)
MR     +++..                    (no amulet)
Stlth  +++++++...               (no ring)
                                A - +5 ring of dexterity

@: exhausted, regenerating, hasted, very quick, extremely resistant to hostile
enchantments, extremely stealthy
A: no armour, no weapons or thrown items, claws 1, fangs 3, see invisible,
carnivore 3, speed 1, shaggy fur 2, slow metabolism 1, sharp paws
a: Burn Spellbooks, Berserk, Trog's Hand, Brothers in Arms, Renounce Religion


You were on level 7 of the Dungeon.
You worshipped Trog.
Trog was greatly pleased with you.
You were very full.

You visited 2 branches of the dungeon, and saw 8 of its levels.

You collected 382 gold pieces.
You spent 246 gold pieces at shops.

Inventory:

Jewellery
 A - a +5 ring of dexterity (left paw)
Magical devices
 u - a wand of confusion (0)
 z - a wand of slowing (10)
Scrolls
 b - a scroll of amnesia {unknown}
 g - 2 scrolls of enchant weapon {unknown}
 h - 4 scrolls of recharging {unknown}
 i - a scroll of fear {unknown}
 p - 5 scrolls of magic mapping {unknown}
 q - 3 scrolls of remove curse
 r - 2 scrolls of immolation
 v - a scroll of fog {unknown}
 x - 5 scrolls of teleportation
 y - 3 scrolls of enchant armour {unknown}
 B - a scroll of vulnerability
Potions
 c - 2 potions of haste
 d - 3 potions of flight
 e - 4 potions of might
 j - 4 potions of degeneration
 l - 5 potions of curing
 m - 2 potions of lignification
 n - a potion of agility {unknown}
 o - 2 potions of mutation
 s - 2 potions of ambrosia
 w - 2 potions of berserk rage
Comestibles
 a - 7 meat rations
 f - 2 beef jerkies
 t - 2 slices of pizza
 C - a chunk of flesh


   Skills:
 - Level 3.0 Fighting
 - Level 4.0 Dodging
 + Level 14.5 Stealth
 - Level 6.0 Unarmed Combat


You had 7 spell levels left.
You didn't know any spells.

Dungeon Overview and Level Annotations

Branches:
Dungeon (7/15)             Temple (1/1) D:6

Altars:
Ashenzari
Cheibriados
Dithmenos
Fedhas
Gozag
Kikubaaqudgha
Makhleb
Nemelex Xobeh
Okawaru
Qazlal
Ru
Sif Muna
Trog
Vehumet
Xom
Yredelemnul

Shops:
D:6 ?


Innate Abilities, Weirdness & Mutations

You cannot wear armour.
You are incapable of wielding weapons or throwing items.
You have sharp claws.
You have razor-sharp teeth.
You have supernaturally acute eyesight.
You are carnivorous and can eat meat at any time.
You cover ground quickly.
You are covered in thick fur (AC +2).
You have a slow metabolism.
Your sharp claws are effective at attacking unaware monsters.


Message History

Drink which item? (? for menu, Esc to quit)
You feel much better. The purple ugly thing bites you.
The orc priest moves out of view.
A jackal comes into view.
The purple ugly thing bites you!
The jackal barks!
You hear a shout!
The orc priest calls down the wrath of Beogh upon you.
Something smites you!
* * * LOW HITPOINT WARNING * * *
Drink which item? (? for menu, Esc to quit)
You feel much better. The purple ugly thing bites you!
The jackal closely misses you.
Drink which item? (? for menu, Esc to quit)
You feel yourself speed up.
You feel yourself speed up. The jackal completely misses you.
The purple ugly thing bites you!
* * * LOW HITPOINT WARNING * * *
The jackal misses you. The purple ugly thing bites you!!
Ouch! That really hurt!
You die...

..#...## #####... # ..###.#
#......###( #.....#
#.##.(.... #####.#
#.##....#. # # #.#
#...#.###?# #)###...#.....#
#........).#.....#
#.###uh###?#.###.# #.#
#@.o)..#.....
#.###...#.....#
###.##....#.###.#
..#.##....#.....#
#.#.>........#.....#
#.#.###..###.#...?##
##########.#)###......#...##
....)))....#.......#.....##
#########..#####...#.(..##


You could see a purple ugly thing, an orc priest and a jackal.

Vanquished Creatures
  2 water moccasins (D:6)
  Duvessa (D:4)
  An orc warrior (D:7)
  An ogre (D:4)
  A giant frog (D:6)
  Dowan (D:4)
  A scorpion (D:4)
  A wight (D:7)
  3 killer bees (D:7)
  3 crimson imps
  5 orc priests
  2 iguanas
  3 hounds
  A quasit (D:6)
  A giant frog skeleton (D:6)
  Jessica (D:2)
  A centaur skeleton (D:7)
  5 worker ants
  3 iron imps (D:3)
  10 orc wizards
  A statue (D:5)
  2 worker ant zombies
  4 gnolls (D:5)
  A shadow imp (D:6)
  11 adders
  2 oozes
  An adder skeleton (D:4)
  3 worms
  4 giant geckos
  27 orcs
  11 bats
  7 giant cockroaches
  7 hobgoblins
  11 jackals
  6 kobolds
  A quokka (D:2)
  7 ball pythons
  7 giant newts
  10 goblins
  2 jackal skeletons
  8 rats
180 creatures vanquished.

Notes
Turn   | Place    | Note
--------------------------------------------------------------
     0 | D:1      | Monkaria the Felid Berserker began the quest for the Orb.
     0 | D:1      | Reached XP level 1. HP: 10/10 MP: 2/2
   388 | D:1      | Reached XP level 2. HP: 11/14 MP: 3/3
   772 | D:1      | Acquired Trog's second power
  1255 | D:1      | Reached XP level 3. HP: 9/17 MP: 4/4
  1593 | D:2      | Found an iron altar of Okawaru.
  1599 | D:2      | Noticed Jessica
  1604 | D:2      | Killed Jessica
  1604 | D:2      | Reached skill level 5 in Unarmed Combat
  1604 | D:2      | Reached XP level 4. HP: 11/21 MP: 5/5
  2275 | D:2      | Reached XP level 5. HP: 17/24 MP: 6/6
  2672 | D:3      | Reached skill level 6 in Unarmed Combat
  2945 | D:3      | Reached skill level 1 in Stealth
  3147 | D:3      | Found a burning altar of Makhleb.
  3162 | D:3      | Gained mutation: You are covered in thick fur (AC +2). [Felid growth]
  3162 | D:3      | Reached XP level 6. HP: 23/28 MP: 7/7
  3522 | D:4      | Noticed Duvessa
  3553 | D:4      | Noticed Dowan
  3571 | D:4      | Reached skill level 5 in Stealth
  3637 | D:4      | Killed Duvessa
  3671 | D:4      | Killed from afar by Dowan
  3672 | D:4      | Reached XP level 5. HP: -10/24 MP: 6/6
  3709 | D:4      | Reached skill level 7 in Stealth
  3709 | D:4      | Reached XP level 6. HP: 22/28 MP: 7/7
  3963 | D:4      | Reached skill level 8 in Stealth
  4249 | D:4      | Reached skill level 9 in Stealth
  4249 | D:4      | Reached XP level 7. HP: 31/31 MP: 8/8
  4366 | D:4      | Killed Dowan
  4513 | D:4      | Reached skill level 10 in Stealth
  5002 | D:4      | Acquired Trog's third power
  5386 | D:5      | Entered Level 5 of the Dungeon
  5401 | D:5      | Found a radiant altar of Vehumet.
  5419 | D:5      | Reached skill level 11 in Stealth
  5972 | D:5      | Reached XP level 8. HP: 34/34 MP: 9/9
  6459 | D:6      | Found Nuoloh's Magic Scroll Shop.
  6464 | D:6      | Bought a scroll of teleportation for 39 gold pieces
  6464 | D:6      | Bought a scroll of vulnerability for 97 gold pieces
  6464 | D:6      | Bought a scroll of identify for 26 gold pieces
  6464 | D:6      | Bought a scroll of remove curse for 39 gold pieces
  6464 | D:6      | Bought a scroll of immolation for 45 gold pieces
  6510 | D:6      | Reached skill level 12 in Stealth
  6616 | D:6      | Reached skill level 13 in Stealth
  6819 | D:6      | Found a staircase to the Ecumenical Temple.
  6833 | Temple   | Entered the Ecumenical Temple
  7212 | D:7      | Slain by a killer bee
  7213 | D:7      | Reached XP level 7. HP: -2/31 MP: 8/8
  7223 | D:7      | Found a deep blue altar of Sif Muna.
  7405 | D:7      | Reached skill level 14 in Stealth
  7407 | D:7      | Reached XP level 8. HP: 34/34 MP: 9/9
  7498 | D:7      | Noticed a purple ugly thing
  7534 | D:7      | Demolished by a purple ugly thing

Vault maps used:
D:1:      evilmike_arrival_run_for_it
D:2:      okawaru_ov_weapons_minmay, minmay_snake_closets, uniq_jessica
D:3:      demons_altar, first_bread
D:4:      uniq_duvessa
D:5:      vehumet_statue, grunt_decor_one_mirror, kennysheep_generic_room_4
D:6:      temple_hall, serial_shops, nicolae_shop_trees
D:7:      hangedman_cross_stitches, led_sif_pool
Temple:   eino_temple_water_12

Action                   |  1- 3 |  4- 6 |  7- 9 || total
-------------------------+-------+-------+-------++-------
Melee: Unarmed           |    85 |   216 |   186 ||   487
Invok: Berserk           |     2 |     6 |     9 ||    17
       Trog's Hand       |     1 |     5 |     4 ||    10
  Use: Potion            |       |       |     5 ||     5
       Scroll            |       |       |     9 ||     9
 Stab: Sleeping          |     5 |    13 |    15 ||    33
       Distracted        |       |       |     1 ||     1
  Eat: Chunk             |    11 |    14 |    20 ||    45
